cohdb
Replays
Latest Replays
All Replays
Popular Replays
Top Player Replays
Match Explorer
How It Works
Community
CoH3 Stats
Reddit
Sign in to upload your games and track your stats! →
Sign in with Steam
Match 42653981
Unlisted
Match 42653981
Overview
Messages
Build Orders
End
Vickers Machine Gun Team
Construct Section Command Post
Selects Indian Artillery Battlegroup
Selects Indian Artillery Battlegroup
Infantry Section
Infantry Section
Infantry Section
Construct Platoon Command Post
Humber Armored Car
Construct Field Infirmary
Unlock M3 Stuart Light Tanks
Selects Valour
Selects Gurkha Rifles Section
M3 Stuart Light Tank
Gurkha Rifles Section
Grenade Package
Selects Volunteer Infantry
6-pounder Anti-tank Gun Team
Selects Towed ML 4.2-inch Heavy Mortar
Selects Off-map Airburst Barrage
Osttruppen
Trion
0
0
Comments
sign in to comment!
No comments posted yet!